[Event "FICS rated blitz game"]
[Site "FICS freechess.org"]
[FICSGamesDBGameNo "20000394"]
[White "donkapeti"]
[Black "Helvie"]
[WhiteElo "2071"]
[BlackElo "2146"]
[WhiteRD "na"]
[BlackRD "na"]
[TimeControl "180+0"]
[Date "1999.04.07"]
[Time "05:18:00"]
[WhiteClock "0:03:00.000"]
[BlackClock "0:03:00.000"]
[ECO "D02"]
[PlyCount "149"]
[Result "1-0"]

1. d4 d5 2. Nf3 Nc6 3. Nbd2 Bg4 4. h3 Bh5 5. g4 Bg6 6. Bg2 e6 7. c4 h5 8. g5 h4 9. cxd5 exd5 10. Qb3 Bb4 11. a3 Bxd2+ 12. Bxd2 Nge7 13. O-O Be4 14. Be3 Rb8 15. Rac1 Nf5 16. Qa4 O-O 17. b4 Bxf3 18. exf3 Ncxd4 19. Qd1 Ne6 20. Bxa7 Ra8 21. Bc5 Re8 22. Qd2 b6 23. Be3 Rxa3 24. Rfd1 Nxe3 25. fxe3 Qxg5 26. f4 Qg3 27. Re1 Rea8 28. f5 Ng5 29. Qxd5 Nxh3+ 30. Kh1 Nf2+ 31. Kg1 Ra2 32. Qf3 Nh3+ 33. Kh1 Nf2+ 34. Kg1 Qxf3 35. Bxf3 Nd3 36. Bxa8 Nxe1 37. Rxe1 Rxa8 38. Rc1 Ra7 39. Kg2 Kf8 40. Kh3 Ke7 41. Kxh4 Kf6 42. Kg4 Ra4 43. Rc6+ Ke5 44. Rxc7 Rxb4+ 45. Kf3 Kxf5 46. Rxf7+ Kg6 47. Rc7 Kf6 48. Rc6+ Ke5 49. Rc8 g5 50. Re8+ Kf5 51. Rf8+ Kg6 52. Rg8+ Kf6 53. Rf8+ Kg6 54. Rg8+ Kf6 55. e4 Rb3+ 56. Kg4 Rb1 57. Rf8+ Ke7 58. Rf5 Rg1+ 59. Kf3 g4+ 60. Kf2 Rb1 61. Rg5 b5 62. Rxg4 b4 63. Rg7+ Ke6 64. Rb7 b3 65. Ke3 Ke5 66. Rb5+ Ke6 67. Rb6+ Ke5 68. Rb5+ Ke6 69. Kd4 b2 70. Kc3 Re1 71. Kxb2 Rxe4 72. Rb8 Re2+ 73. Kc3 Rg2 74. Kd4 Rg4+ 75. Ke3 {Black resigns} 1-0

[Event "FICS rated blitz game"]
[Site "FICS freechess.org"]
[FICSGamesDBGameNo "20000393"]
[White "Iriska"]
[Black "dfitzgib"]
[WhiteElo "1648"]
[BlackElo "1374"]
[WhiteRD "na"]
[BlackRD "na"]
[TimeControl "300+12"]
[Date "1999.04.06"]
[Time "17:30:00"]
[WhiteClock "0:05:00.000"]
[BlackClock "0:05:00.000"]
[ECO "A56"]
[PlyCount "98"]
[Result "1/2-1/2"]

1. d4 Nf6 2. c4 c5 3. Nf3 d6 4. Bg5 e6 5. Nc3 Be7 6. e3 O-O 7. Bd3 h6 8. Bh4 Nc6 9. a3 a6 10. O-O b6 11. dxc5 bxc5 12. Bc2 Bb7 13. Qd3 Ne5 14. Nxe5 dxe5 15. Bxf6 Qxd3 16. Bxd3 Bxf6 17. Ne4 Rfd8 18. Nxf6+ gxf6 19. Rfd1 e4 20. Be2 Kf8 21. Rxd8+ Rxd8 22. Rd1 Rxd1+ 23. Bxd1 a5 24. Kf1 f5 25. f3 e5 26. Ke2 f4 27. Bc2 f5 28. fxe4 fxe4 29. Bd1 Kf7 30. Kf2 Kf6 31. Be2 Kg5 32. b3 Kf5 33. g4+ Kg5 34. h3 Kh4 35. Bf1 h5 36. Be2 Bc8 37. gxh5 Bf5 38. Bg4 Bxg4 39. hxg4 Kg5 40. Ke2 f3+ 41. Kf2 Kh6 42. Kg3 Kg5 43. Kh3 Kh6 44. Kg3 Kg5 45. Kh3 Kh6 46. Kg3 Kg5 47. Kh3 Kh6 48. Kg3 Kg5 49. Kh3 Kh6 {Game drawn by repetition} 1/2-1/2

[Event "FICS rated blitz game"]
[Site "FICS freechess.org"]
[FICSGamesDBGameNo "20000392"]
[White "tosted"]
[Black "Ras"]
[WhiteElo "1750"]
[BlackElo "1896"]
[WhiteRD "na"]
[BlackRD "na"]
[TimeControl "300+0"]
[Date "1999.04.06"]
[Time "14:03:00"]
[WhiteClock "0:05:00.000"]
[BlackClock "0:05:00.000"]
[ECO "B45"]
[PlyCount "59"]
[Result "1-0"]

1. e4 c5 2. Nf3 e6 3. d4 cxd4 4. Nxd4 Nf6 5. Nc3 Nc6 6. Be3 d5 7. Nxc6 bxc6 8. e5 Nd7 9. f4 c5 10. Nxd5 exd5 11. Qxd5 Nb6 12. Bb5+ Bd7 13. Bxd7+ Qxd7 14. Qxd7+ Kxd7 15. O-O-O+ Kc7 16. f5 Be7 17. Bf4 Kc6 18. Rd2 Rhd8 19. Rhd1 Nc4 20. Rxd8 Rxd8 21. b3 Rxd1+ 22. Kxd1 Nb6 23. c4 a5 24. Kd2 a4 25. Kd3 axb3 26. axb3 f6 27. e6 Bd6 28. Be3 Bxh2 29. Bxc5 Kxc5 30. e7 {Black resigns} 1-0

[Event "FICS rated blitz game"]
[Site "FICS freechess.org"]
[FICSGamesDBGameNo "20000391"]
[White "petrica"]
[Black "funkdoctor"]
[WhiteElo "1594"]
[BlackElo "1444"]
[WhiteRD "na"]
[BlackRD "na"]
[TimeControl "240+0"]
[Date "1999.04.06"]
[Time "05:36:00"]
[WhiteClock "0:04:00.000"]
[BlackClock "0:04:00.000"]
[ECO "B02"]
[PlyCount "61"]
[Result "1-0"]

1. e4 d5 2. exd5 Nf6 3. Nc3 Nxd5 4. Bc4 Nxc3 5. bxc3 Bf5 6. Ba3 b6 7. Nf3 c5 8. O-O e6 9. d4 Qc7 10. Ne5 Nd7 11. Bb5 O-O-O 12. Nxd7 Rxd7 13. Bxd7+ Kxd7 14. dxc5+ Kc6 15. Qd4 bxc5 16. Qa4+ Kb7 17. Rab1+ Ka8 18. Rfd1 Bd6 19. g3 e5 20. h4 Bg4 21. Rd2 Bf5 22. Rbd1 Bg4 23. Qxg4 c4 24. Rxd6 g6 25. Qf3+ Kb8 26. Rb1+ Kc8 27. Qa8+ Qb8 28. Rc6+ Kd7 29. Rxb8 Rxb8 30. Rd6+ Kc7 31. Qc6# {Black checkmated} 1-0

[Event "FICS rated blitz game"]
[Site "FICS freechess.org"]
[FICSGamesDBGameNo "20000390"]
[White "Zeratul"]
[Black "Jeeper"]
[WhiteElo "1593"]
[BlackElo "1353"]
[WhiteRD "na"]
[BlackRD "na"]
[TimeControl "180+0"]
[Date "1999.04.06"]
[Time "01:15:00"]
[WhiteClock "0:03:00.000"]
[BlackClock "0:03:00.000"]
[ECO "B22"]
[PlyCount "33"]
[Result "1-0"]

1. e4 c5 2. c3 Nc6 3. d4 cxd4 4. cxd4 d5 5. e5 f6 6. Nf3 fxe5 7. dxe5 Bg4 8. Nc3 e6 9. Be2 Bxf3 10. Bxf3 Nxe5 11. Qe2 Bd6 12. Nb5 Nxf3+ 13. gxf3 Qa5+ 14. Bd2 Bb4 15. Qxe6+ Ne7 16. Nd6+ Kf8 17. Qf7# {Black checkmated} 1-0

[Event "FICS rated standard game"]
[Site "FICS freechess.org"]
[FICSGamesDBGameNo "20000389"]
[White "xnatex"]
[Black "bgragg"]
[WhiteElo "1482"]
[BlackElo "1531"]
[WhiteRD "na"]
[BlackRD "na"]
[TimeControl "900+0"]
[Date "1999.04.05"]
[Time "17:50:00"]
[WhiteClock "0:15:00.000"]
[BlackClock "0:15:00.000"]
[ECO "C68"]
[PlyCount "56"]
[Result "1-0"]

1. e4 e5 2. Nf3 Nc6 3. Bb5 a6 4. Bxc6 bxc6 5. O-O d6 6. d4 Bg4 7. dxe5 dxe5 8. Qxd8+ Rxd8 9. Nxe5 Bd7 10. Rd1 Bd6 11. Nc4 Ke7 12. e5 Bc5 13. Bg5+ f6 14. exf6+ Nxf6 15. Re1+ Kf7 16. Ne5+ Kg8 17. Nc3 h6 18. Rad1 Kh7 19. Bxf6 gxf6 20. Nxd7 Bb6 21. Nxb6 cxb6 22. Rxd8 Rxd8 23. g3 b5 24. Ne4 Kg7 25. Kg2 Re8 26. Re3 Re5 27. Nd6 Kg6 28. Rxe5 fxe5 {Black resigns} 1-0

[Event "FICS rated blitz game"]
[Site "FICS freechess.org"]
[FICSGamesDBGameNo "20000388"]
[White "Frosch"]
[Black "karmark"]
[WhiteElo "1995"]
[BlackElo "1805"]
[WhiteRD "na"]
[BlackRD "na"]
[TimeControl "180+0"]
[Date "1999.04.05"]
[Time "07:12:00"]
[WhiteClock "0:03:00.000"]
[BlackClock "0:03:00.000"]
[ECO "D09"]
[PlyCount "54"]
[Result "0-1"]

1. d4 d5 2. c4 e5 3. dxe5 d4 4. Nf3 Nc6 5. g3 Bg4 6. Bg2 Qd7 7. O-O O-O-O 8. Nbd2 h5 9. b4 h4 10. b5 Nb8 11. Qa4 hxg3 12. fxg3 a6 13. Nb3 Bh3 14. Bxh3 Qxh3 15. Bf4 Nh6 16. Rf2 Ng4 17. Rg2 d3 18. Rb1 d2 19. Bxd2 Rxd2 20. Nfxd2 Nxh2 21. bxa6 Be7 22. axb7+ Kd8 23. Ne4 Ng4 24. Rd1+ Bd6 25. Rxd6+ cxd6 26. Kf1 Qh1+ 27. Rg1 Qxe4 {White forfeits on time} 0-1

[Event "FICS rated lightning game"]
[Site "FICS freechess.org"]
[FICSGamesDBGameNo "20000387"]
[White "Mukul"]
[Black "Oak"]
[WhiteElo "1497"]
[BlackElo "1560"]
[WhiteRD "na"]
[BlackRD "na"]
[TimeControl "120+0"]
[Date "1999.04.04"]
[Time "22:41:00"]
[WhiteClock "0:02:00.000"]
[BlackClock "0:02:00.000"]
[ECO "D31"]
[PlyCount "72"]
[Result "0-1"]

1. d4 d5 2. c4 e6 3. Nc3 c6 4. Nf3 f5 5. Bg5 Nf6 6. e3 h6 7. Bh4 Be7 8. Bd3 g5 9. Bg3 Ne4 10. Ne5 Nxg3 11. fxg3 Bf6 12. Qh5+ Ke7 13. cxd5 Bxe5 14. dxe5 Qe8 15. d6+ Kd7 16. Qe2 b6 17. a4 a5 18. e4 Rf8 19. exf5 exf5 20. Bb5 cxb5 21. Nxb5 Ba6 22. Rc1 Ke6 23. Nc7+ Kf7 24. Nxe8 Rxe8 25. Qc2 Rxe5+ 26. Kf2 Ke6 27. Qb3+ Kd7 28. Rc7+ Kxd6 29. Rhc1 Nd7 30. Qa3+ Ke6 31. Qe7+ Kxe7 32. Rxd7+ Kxd7 33. Rd1+ Ke6 34. g4 Rc8 35. h3 f4 36. h4 Re2+ {White forfeits on time} 0-1

[Event "FICS rated lightning game"]
[Site "FICS freechess.org"]
[FICSGamesDBGameNo "20000386"]
[White "chessdoc"]
[Black "Ingo"]
[WhiteElo "1566"]
[BlackElo "1550"]
[WhiteRD "na"]
[BlackRD "na"]
[TimeControl "60+0"]
[Date "1999.04.04"]
[Time "16:25:00"]
[WhiteClock "0:01:00.000"]
[BlackClock "0:01:00.000"]
[ECO "A40"]
[PlyCount "79"]
[Result "1-0"]

1. d4 e6 2. e3 d5 3. Bd3 c5 4. Nd2 Nc6 5. c3 cxd4 6. exd4 Nf6 7. f4 Bd6 8. Ngf3 Bxf4 9. O-O Bxd2 10. Bxd2 Bd7 11. Ne5 Nxe5 12. Bf4 Nxd3 13. Qxd3 Rc8 14. Rf3 Nh5 15. Be3 Qe7 16. g4 Nf6 17. g5 Ng8 18. Kf2 f6 19. h4 fxg5 20. hxg5 Kd8 21. Rg1 Kc7 22. Ke2 Kb8 23. Bf4+ Ka8 24. b3 h6 25. g6 Qe8 26. c4 Ne7 27. a4 Nxg6 28. Bd6 Rc6 29. Bb4 a5 30. Ba3 Nf4+ 31. Rxf4 Rf8 32. Rgf1 Rxf4 33. Rxf4 Qh5+ 34. Kd2 Qh2+ 35. Kc3 Qd2+ 36. Qxd2 Rxc4+ 37. bxc4 Ka7 38. Kb2 dxc4 39. d5 Bxa4 40. Rf7 {Black forfeits on time} 1-0

[Event "FICS rated blitz game"]
[Site "FICS freechess.org"]
[FICSGamesDBGameNo "20000385"]
[White "hemphandle"]
[Black "ARF"]
[WhiteElo "1456"]
[BlackElo "1061"]
[WhiteRD "na"]
[BlackRD "na"]
[TimeControl "180+0"]
[Date "1999.04.03"]
[Time "11:22:00"]
[WhiteClock "0:03:00.000"]
[BlackClock "0:03:00.000"]
[ECO "C44"]
[PlyCount "83"]
[Result "1-0"]

1. e4 Nc6 2. Nf3 e5 3. d4 Nf6 4. dxe5 Nxe4 5. Bd3 Nc5 6. Bb5 a6 7. Bxc6 bxc6 8. Be3 Ne4 9. O-O Be7 10. Re1 O-O 11. Nc3 Bb4 12. Nxe4 Bxe1 13. Qxe1 d5 14. Nc5 Bf5 15. c3 a5 16. Rd1 h6 17. Nd4 Bg4 18. f3 Bh5 19. Nxc6 Bg6 20. Nxd8 Raxd8 21. b3 d4 22. cxd4 c6 23. Rc1 f5 24. Nb7 Rc8 25. Nd6 Rcd8 26. Rxc6 Ra8 27. f4 Rfd8 28. Bd2 a4 29. bxa4 Rxa4 30. Qd1 Rxd4 31. Qe2 Bh7 32. Bc3 Rxf4 33. g3 Ra4 34. e6 Kh8 35. Qe5 Bg8 36. Nf7+ Bxf7 37. exf7 Rd1+ 38. Kg2 Rxa2+ 39. Kh3 Rh1 40. f8=Q+ Kh7 41. Qexf5+ g6 42. Rc7# {Black checkmated} 1-0

[Event "FICS rated blitz game"]
[Site "FICS freechess.org"]
[FICSGamesDBGameNo "20000384"]
[White "Racquel"]
[Black "beamish"]
[WhiteElo "1299"]
[BlackElo "1065"]
[WhiteRD "na"]
[BlackRD "na"]
[TimeControl "300+0"]
[Date "1999.04.02"]
[Time "20:16:00"]
[WhiteClock "0:05:00.000"]
[BlackClock "0:05:00.000"]
[ECO "A00"]
[PlyCount "57"]
[Result "1-0"]

1. Nc3 e5 2. d4 d6 3. dxe5 dxe5 4. Qxd8+ Kxd8 5. Bg5+ f6 6. Bh4 g5 7. Bg3 Nc6 8. O-O-O+ Bd7 9. e3 Nb4 10. Bb5 c6 11. Ba4 Kc7 12. f4 Bc5 13. fxe5 Kb6 14. exf6 Nxf6 15. e4 Bg4 16. Re1 Rhd8 17. Nh3 h6 18. e5 Nfd5 19. Nxd5+ Rxd5 20. Bb3 Rdd8 21. e6 Re8 22. Nf2 Bf5 23. Nd3 Rad8 24. Nxc5 Kxc5 25. Bf2+ Kb5 26. a4+ Ka5 27. Bxa7 Na6 28. Bc4 Nc5 29. Bxc5 {Black forfeits on time} 1-0

[Event "FICS rated blitz game"]
[Site "FICS freechess.org"]
[FICSGamesDBGameNo "20000382"]
[White "emCkew"]
[Black "KickingRooster"]
[WhiteElo "1551"]
[BlackElo "1589"]
[WhiteRD "na"]
[BlackRD "na"]
[TimeControl "300+0"]
[Date "1999.04.02"]
[Time "16:33:00"]
[WhiteClock "0:05:00.000"]
[BlackClock "0:05:00.000"]
[ECO "E38"]
[PlyCount "74"]
[Result "0-1"]

1. d4 Nf6 2. c4 e6 3. Nc3 Bb4 4. Qc2 c5 5. a3 Bxc3+ 6. bxc3 O-O 7. e4 b6 8. Bg5 h6 9. Bh4 g5 10. Bg3 Nh5 11. Bd6 Re8 12. Qe2 Ng7 13. h4 Bb7 14. Nf3 f5 15. hxg5 hxg5 16. d5 g4 17. Ne5 Qg5 18. Qd3 fxe4 19. Qxe4 Nf5 20. Be2 exd5 21. cxd5 g3 22. Rh8+ Kg7 23. Rxe8 gxf2+ 24. Kd1 Ne3+ 25. Qxe3 Qxe3 26. Re7+ Kg8 27. Re8+ Kg7 28. Bf8+ Kh7 29. Bd3+ Qxd3+ 30. Nxd3 Bxd5 31. Nxf2 Bxg2 32. Kd2 Na6 33. Rg1 Rxe8 34. Rxg2 Rxf8 35. Ng4 d6 36. Ne3 Nc7 37. Nd5 Nxd5 {White resigns} 0-1

[Event "FICS rated blitz game"]
[Site "FICS freechess.org"]
[FICSGamesDBGameNo "20000381"]
[White "fuchs"]
[Black "Rooker"]
[WhiteElo "1818"]
[BlackElo "1747"]
[WhiteRD "na"]
[BlackRD "na"]
[TimeControl "120+12"]
[Date "1999.04.02"]
[Time "16:32:00"]
[WhiteClock "0:02:00.000"]
[BlackClock "0:02:00.000"]
[ECO "A41"]
[PlyCount "41"]
[Result "1-0"]

1. d4 g6 2. Nf3 Bg7 3. c4 d6 4. g3 Bg4 5. Bg2 Nc6 6. d5 Bxf3 7. Bxf3 Nd4 8. Bg2 c5 9. dxc6 Nxc6 10. O-O Nf6 11. Nc3 O-O 12. Bd2 Rc8 13. b3 d5 14. cxd5 Nb4 15. e4 Nxe4 16. Nxe4 Bxa1 17. Bxb4 Bg7 18. d6 exd6 19. Nxd6 Qb6 20. Nxc8 Qxb4 21. Qd6 {Black resigns} 1-0

[Event "FICS rated blitz game"]
[Site "FICS freechess.org"]
[FICSGamesDBGameNo "20000380"]
[White "since"]
[Black "Trig"]
[WhiteElo "1146"]
[BlackElo "1582"]
[WhiteRD "na"]
[BlackRD "na"]
[TimeControl "240+12"]
[Date "1999.04.02"]
[Time "14:16:00"]
[WhiteClock "0:04:00.000"]
[BlackClock "0:04:00.000"]
[ECO "B06"]
[PlyCount "42"]
[Result "0-1"]

1. e4 c6 2. d4 g6 3. e5 f6 4. f4 fxe5 5. fxe5 d6 6. Bf4 Bg7 7. Nf3 dxe5 8. Bxe5 Bxe5 9. Nxe5 c5 10. Qf3 Nf6 11. Bb5+ Nbd7 12. O-O cxd4 13. Re1 Rf8 14. Qd3 a6 15. Bxd7+ Nxd7 16. Qxd4 Qc7 17. Nc3 Nxe5 18. Rxe5 Bf5 19. Rae1 Rf7 20. Nd5 Qd8 21. Nb6 Qxd4+ {White resigns} 0-1

[Event "FICS rated lightning game"]
[Site "FICS freechess.org"]
[FICSGamesDBGameNo "20000379"]
[White "grolsch"]
[Black "hasank"]
[WhiteElo "1742"]
[BlackElo "1864"]
[WhiteRD "na"]
[BlackRD "na"]
[TimeControl "120+0"]
[Date "1999.04.02"]
[Time "12:17:00"]
[WhiteClock "0:02:00.000"]
[BlackClock "0:02:00.000"]
[ECO "B23"]
[PlyCount "87"]
[Result "0-1"]

1. e4 c5 2. Nc3 Nc6 3. f4 g6 4. Nf3 Bg7 5. Bc4 e6 6. O-O Nge7 7. f5 exf5 8. Qe1 fxe4 9. Nxe4 d5 10. Nxc5 dxc4 11. d3 Bd4+ 12. Nxd4 Qxd4+ 13. Be3 Qe5 14. Qd2 O-O 15. Rae1 Nf5 16. Bf2 Qxb2 17. Rb1 Qxa2 18. Ne4 cxd3 19. Nf6+ Kg7 20. Nh5+ Kh8 21. Nf6 Qe6 22. Qc3 Qe5 23. Qxe5 Nxe5 24. g4 dxc2 25. Rbc1 Ne7 26. Bd4 N7c6 27. Bb2 h5 28. gxh5 gxh5 29. Rf4 Bg4 30. h3 Bxh3 31. Rh4 Bg4 32. Nxg4 Kg7 33. Nxe5 Nxe5 34. Bxe5+ Kg6 35. Rxc2 Rg8 36. Rf2 Rae8 37. Kh2 Rxe5 38. Rg2+ Rg5 39. Rxg5+ Kxg5 40. Ra4 a6 41. Ra5+ Kg4 42. Ra4+ Kg5 43. Ra5+ f5 44. Ra4 {White forfeits on time} 0-1

[Event "FICS rated blitz game"]
[Site "FICS freechess.org"]
[FICSGamesDBGameNo "20000378"]
[White "hemphandle"]
[Black "Bobstar"]
[WhiteElo "1436"]
[BlackElo "1375"]
[WhiteRD "na"]
[BlackRD "na"]
[TimeControl "180+0"]
[Date "1999.04.02"]
[Time "08:06:00"]
[WhiteClock "0:03:00.000"]
[BlackClock "0:03:00.000"]
[ECO "C34"]
[PlyCount "115"]
[Result "1-0"]

1. e4 e5 2. f4 exf4 3. Nf3 Bc5 4. d4 Bb6 5. c4 Nf6 6. Nc3 Ba5 7. a3 c6 8. b4 Bc7 9. d5 cxd5 10. Nxd5 Nxd5 11. exd5 Qe7+ 12. Qe2 Qxe2+ 13. Bxe2 O-O 14. O-O Re8 15. Bd3 h6 16. c5 d6 17. Bd2 dxc5 18. bxc5 Na6 19. d6 Bd8 20. Bb5 Re6 21. d7 Bxd7 22. Bxd7 Nxc5 23. Bxe6 Nxe6 24. Rfe1 Ng5 25. Nxg5 hxg5 26. Re8+ Kh7 27. Bb4 Kg6 28. Be7 Bxe7 29. Rxa8 Bc5+ 30. Kf1 Bd4 31. Rd1 Be3 32. Ke2 Bc5 33. a4 Bb4 34. Rd4 Ba3 35. Rd7 Bb2 36. Rxb7 Bd4 37. Raxa7 Bxa7 38. Rxa7 Kf5 39. Rc7 g4 40. a5 g3 41. h3 Ke5 42. a6 Kd5 43. a7 Kd6 44. Rxf7 Ke6 45. Rxg7 Kf5 46. Rxg3 fxg3 47. a8=Q Kg5 48. Kf3 Kf5 49. Qe4+ Kg5 50. Qf4+ Kg6 51. Kxg3 Kh5 52. Qf5+ Kh6 53. Qg4 Kh7 54. Kf4 Kh6 55. Kf5 Kh7 56. Kf6 Kh6 57. Qg7+ Kh5 58. Qg5# {Black checkmated} 1-0

[Event "FICS rated blitz game"]
[Site "FICS freechess.org"]
[FICSGamesDBGameNo "20000377"]
[White "PyroFire"]
[Black "SJken"]
[WhiteElo "1388"]
[BlackElo "1469"]
[WhiteRD "na"]
[BlackRD "na"]
[TimeControl "120+12"]
[Date "1999.04.02"]
[Time "07:04:00"]
[WhiteClock "0:02:00.000"]
[BlackClock "0:02:00.000"]
[ECO "C88"]
[PlyCount "48"]
[Result "0-1"]

1. e4 e5 2. Nf3 Nc6 3. Bb5 a6 4. Ba4 Nf6 5. O-O Be7 6. Re1 b5 7. Bb3 O-O 8. d3 d5 9. exd5 Nxd5 10. Nxe5 Nxe5 11. Rxe5 c6 12. Qf3 Bd6 13. Re1 Be6 14. Nd2 Qc7 15. Ne4 Bxh2+ 16. Kh1 Bd6 17. Nxd6 Qxd6 18. g3 Rae8 19. Bd2 Qd7 20. c4 bxc4 21. dxc4 Nc7 22. Bb4 Bg4 23. Rxe8 Rxe8 24. Qg2 Qd3 {White forfeits on time} 0-1

[Event "FICS rated lightning game"]
[Site "FICS freechess.org"]
[FICSGamesDBGameNo "20000376"]
[White "Gambitboy"]
[Black "pacip"]
[WhiteElo "1598"]
[BlackElo "1934"]
[WhiteRD "na"]
[BlackRD "na"]
[TimeControl "0+1"]
[Date "1999.04.02"]
[Time "06:44:00"]
[WhiteClock "0:10.000"]
[BlackClock "0:10.000"]
[ECO "C44"]
[PlyCount "68"]
[Result "1/2-1/2"]

1. e4 e5 2. Nf3 Nc6 3. d4 Bc5 4. Bb5 Bxd4 5. c3 Bb6 6. O-O d6 7. Bg5 f6 8. Bh4 Bg4 9. Qb3 Ne7 10. Bc4 Bxf3 11. gxf3 Na5 12. Bf7+ Kf8 13. Qe6 Qc8 14. Kh1 Qxe6 15. Bxe6 Rd8 16. Rg1 c6 17. Bg3 c5 18. Nd2 Nac6 19. f4 Ng6 20. f5 Nf4 21. Bxf4 exf4 22. Nc4 Bc7 23. Rad1 Ne5 24. Nxe5 fxe5 25. Rd5 b6 26. h4 h6 27. Rdd1 Rh7 28. Rg6 Re8 29. Rdg1 Re7 30. Bd5 Bb8 31. f6 Rf7 32. Bxf7 Kxf7 33. fxg7 Kg8 34. Re6 Rxg7 {Game drawn because both players ran out of time} 1/2-1/2

[Event "FICS rated blitz game"]
[Site "FICS freechess.org"]
[FICSGamesDBGameNo "20000375"]
[White "yoni"]
[Black "rafguy"]
[WhiteElo "1588"]
[BlackElo "1886"]
[WhiteRD "na"]
[BlackRD "na"]
[TimeControl "180+0"]
[Date "1999.04.02"]
[Time "03:22:00"]
[WhiteClock "0:03:00.000"]
[BlackClock "0:03:00.000"]
[ECO "B10"]
[PlyCount "118"]
[Result "0-1"]

1. e4 c6 2. Nc3 d5 3. exd5 cxd5 4. Qf3 Nf6 5. d4 Bg4 6. Qe3 e6 7. h3 Bh5 8. f4 Bg6 9. g4 Be4 10. Nxe4 Nxe4 11. Bd3 Bb4+ 12. c3 Nxc3 13. Bd2 Qa5 14. a3 Nc6 15. Nf3 Rc8 16. O-O Qb6 17. axb4 Nb5 18. Bxb5 Qxb5 19. Bc3 a6 20. f5 O-O 21. fxe6 fxe6 22. Qxe6+ Kh8 23. Ne5 Nxe5 24. Rxf8+ Rxf8 25. dxe5 Qe2 26. Re1 Qf2+ 27. Kh1 d4 28. Rg1 dxc3 29. bxc3 Qf3+ 30. Kh2 h6 31. Qa2 Qf4+ 32. Kh1 Qxe5 33. Qg2 Qf4 34. Qxb7 Qf3+ 35. Qxf3 Rxf3 36. Re1 Rxc3 37. Re8+ Kh7 38. Ra8 Rb3 39. Rxa6 Rxb4 40. Ra5 Kg6 41. Kg2 Rb2+ 42. Kg3 Kf7 43. Ra7+ Kg6 44. Ra6+ Kh7 45. Ra5 Rb3+ 46. Kf2 Rc3 47. Ke2 Rxh3 48. Ra7 Rg3 49. Kf2 Rxg4 50. Kf3 h5 51. Ra5 Kh6 52. Ra6+ g6 53. Ra8 Rb4 54. Rh8+ Kg7 55. Re8 g5 56. Kg2 g4 57. Re7+ Kf6 58. Rc7 h4 59. Rc6+ Kf5 {White forfeits on time} 0-1

[Event "FICS rated blitz game"]
[Site "FICS freechess.org"]
[FICSGamesDBGameNo "20000374"]
[White "alala"]
[Black "Uirapuru"]
[WhiteElo "1764"]
[BlackElo "1616"]
[WhiteRD "na"]
[BlackRD "na"]
[TimeControl "180+0"]
[Date "1999.04.02"]
[Time "01:17:00"]
[WhiteClock "0:03:00.000"]
[BlackClock "0:03:00.000"]
[ECO "A46"]
[PlyCount "66"]
[Result "0-1"]

1. d4 Nf6 2. Nf3 e6 3. g3 c5 4. Bg2 d5 5. O-O Nc6 6. b3 cxd4 7. Nxd4 a6 8. c4 Be7 9. cxd5 Nxd5 10. Bb2 O-O 11. Nxc6 bxc6 12. Na3 Bb7 13. Rc1 Bf6 14. Bxf6 Qxf6 15. Nc4 Rad8 16. Qe1 Qe7 17. Na5 Qc7 18. e4 Nf6 19. e5 Nd5 20. a3 Ba8 21. b4 Qb6 22. Kh1 Rc8 23. Rc5 Rfd8 24. Qc1 h6 25. Nc4 Qc7 26. Nd6 Rb8 27. f4 Qe7 28. Qc2 Rxd6 29. a4 Rdd8 30. b5 Ne3 31. Qc3 Nxf1 32. Bxf1 cxb5+ 33. Kg1 Qd7 {White forfeits on time} 0-1

[Event "FICS rated lightning game"]
[Site "FICS freechess.org"]
[FICSGamesDBGameNo "20000373"]
[White "Ferrocene"]
[Black "nasnad"]
[WhiteElo "2250"]
[BlackElo "2049"]
[WhiteRD "na"]
[BlackRD "na"]
[TimeControl "60+0"]
[Date "1999.04.01"]
[Time "13:54:00"]
[WhiteClock "0:01:00.000"]
[BlackClock "0:01:00.000"]
[ECO "C00"]
[PlyCount "74"]
[Result "0-1"]

1. e4 e6 2. d4 a6 3. Nc3 b5 4. Bd3 Bb7 5. a4 c5 6. axb5 cxd4 7. Nce2 axb5 8. Rxa8 Bxa8 9. Nxd4 b4 10. Ngf3 Nf6 11. Qe2 d5 12. exd5 Nxd5 13. O-O Be7 14. Nxe6 fxe6 15. Qxe6 Qd7 16. Qe5 Nc6 17. Qxg7 Bf6 18. Qh6 Bg7 19. Re1+ Kd8 20. Bg5+ Kc8 21. Qh5 Kc7 22. Bf4+ Nxf4 23. Bf5 Nxh5 24. Bxd7 Kxd7 25. Rd1+ Kc7 26. g4 Nf4 27. g5 Rd8 28. Rxd8 Kxd8 29. Nh4 Ne5 30. Nf5 Bf8 31. Kf1 Be4 32. g6 Bxf5 33. gxh7 Bxh7 34. Ke1 Bxc2 35. b3 Nf3+ 36. Kf1 Bxb3 37. h4 Bc4# {White checkmated} 0-1

[Event "FICS rated blitz game"]
[Site "FICS freechess.org"]
[FICSGamesDBGameNo "20000372"]
[White "Basaurikoa"]
[Black "Fel"]
[WhiteElo "1623"]
[BlackElo "1563"]
[WhiteRD "na"]
[BlackRD "na"]
[TimeControl "300+0"]
[Date "1999.04.01"]
[Time "10:47:00"]
[WhiteClock "0:05:00.000"]
[BlackClock "0:05:00.000"]
[ECO "B33"]
[PlyCount "60"]
[Result "0-1"]

1. e4 c5 2. Nf3 Nc6 3. d4 cxd4 4. Nxd4 Nf6 5. Nc3 e5 6. Ndb5 d6 7. Bg5 a6 8. Bxf6 gxf6 9. Na3 b5 10. Nd5 f5 11. f3 Bg7 12. g3 O-O 13. c3 Bb7 14. Nc2 fxe4 15. fxe4 Rc8 16. Qg4 Kh8 17. O-O-O Ne7 18. Nce3 Ng6 19. Be2 Bh6 20. Kc2 Qa5 21. Kb1 Bxe3 22. Nxe3 b4 23. Nd5 bxc3 24. Nxc3 Qb4 25. Qf3 Rc7 26. Qf6+ Kg8 27. Qf3 Rfc8 28. Nd5 Bxd5 29. exd5 Rc2 30. b3 Qa3 {White resigns} 0-1

[Event "FICS rated blitz game"]
[Site "FICS freechess.org"]
[FICSGamesDBGameNo "20000371"]
[White "varg"]
[Black "Nebtor"]
[WhiteElo "1945"]
[BlackElo "1778"]
[WhiteRD "na"]
[BlackRD "na"]
[TimeControl "300+0"]
[Date "1999.04.01"]
[Time "06:42:00"]
[WhiteClock "0:05:00.000"]
[BlackClock "0:05:00.000"]
[ECO "B16"]
[PlyCount "49"]
[Result "1-0"]

1. e4 c6 2. Nc3 d5 3. Nf3 dxe4 4. Nxe4 Nf6 5. Nxf6+ gxf6 6. d4 Bf5 7. Bd3 Bg6 8. h4 e6 9. h5 Bxd3 10. Qxd3 Bd6 11. Bh6 Nd7 12. O-O-O Qc7 13. Bg7 Rg8 14. Qxh7 O-O-O 15. h6 Qa5 16. Kb1 Qb6 17. Qd3 c5 18. h7 Rxg7 19. h8=Q Rxh8 20. Rxh8+ Kc7 21. dxc5 Nxc5 22. Qc4 Rxg2 23. Nd4 Rxf2 24. Nb5+ Kc6 25. Rxd6# {Black checkmated} 1-0

[Event "FICS rated blitz game"]
[Site "FICS freechess.org"]
[FICSGamesDBGameNo "20000370"]
[White "Brun"]
[Black "shymcwu"]
[WhiteElo "1300"]
[BlackElo "1482"]
[WhiteRD "na"]
[BlackRD "na"]
[TimeControl "180+0"]
[Date "1999.03.31"]
[Time "11:17:00"]
[WhiteClock "0:03:00.000"]
[BlackClock "0:03:00.000"]
[ECO "B50"]
[PlyCount "82"]
[Result "0-1"]

1. e4 c5 2. Nf3 d6 3. Be2 e6 4. c3 Nf6 5. O-O Bd7 6. e5 dxe5 7. Nxe5 Be7 8. Nxd7 Nbxd7 9. d4 cxd4 10. Qxd4 b6 11. Bb5 O-O 12. Bf4 Bc5 13. Qd3 a6 14. Ba4 b5 15. Bc2 e5 16. Bg5 Qb6 17. Na3 e4 18. Qd2 Rad8 19. Rad1 Ne5 20. Qe2 Rxd1 21. Rxd1 Bxa3 22. bxa3 Ned7 23. Bxe4 Nxe4 24. Qxe4 Nc5 25. Qg4 Ne6 26. Bf6 Re8 27. Re1 g6 28. Qh4 Nf8 29. Rxe8 Qxf6 30. Qxf6 h5 31. Qe7 Kg7 32. Qxf8+ Kf6 33. Qh8+ Kf5 34. Re5+ Kf4 35. h3 f5 36. Re3 Kg5 37. Qd8+ Kh6 38. h4 g5 39. Qf6+ Kh7 40. Re7+ Kg8 41. Qf8+ Kxf8 {White forfeits on time} 0-1